 Dungeon Crawl Stone Soup version 0.21.0 (webtiles) character file.

121 inmateoo the Insei (level 4, 0/33 HPs)
             Began as a Demonspawn Gladiator on Jan 6, 2018.
             Slain by a jackal (2 damage)
             ... on level 3 of the Dungeon.
             The game lasted 00:01:25 (1712 turns).

inmateoo the Insei (Demonspawn Gladiator)           Turns: 1712, Time: 00:01:26

Health: 0/33       AC:  6    Str: 15    XL:     4   Next: 77%
Magic:  4/4        EV: 12    Int:  9    God:
Gold:   86         SH:  0    Dex: 15    Spells: 3/3 levels left

rFire    . . .     SeeInvis .   a - +0 trident
rCold    . . .     Gourm    .   (no shield)
rNeg     . . .     Faith    .   e - +0 ring mail
rPois    .         Spirit   .   (helmet restricted)
rElec    .         Reflect  .   (no cloak)
rCorr    .         Harm     .   (no gloves)
MR       .....                  j - +0 pair of boots
Stlth    +.........             (no amulet)
HPRegen  0.11/turn              (no ring)
MPRegen  0.09/turn              (no ring)

@: no status effects
A: horns 1
a: no special abilities


You were on level 3 of the Dungeon.
You were hungry.

You visited 1 branch of the dungeon, and saw 3 of its levels.

You collected 86 gold pieces.

Inventory:

Hand Weapons
 a - a +0 trident (weapon)
Missiles
 d - 3 throwing nets (quivered)
Armour
 e - a +0 ring mail (worn)
 j - a +0 pair of boots (worn)
Wands
 k - a wand of polymorph (7)
Scrolls
 b - 2 scrolls of identify {unknown}
 g - 2 scrolls of fog {unknown}
 h - 2 scrolls of remove curse {unknown}
 i - 2 scrolls of magic mapping {unknown}
Potions
 c - a potion of brilliance {unknown}
Comestibles
 f - 5 rations


   Skills:
 - Level 2.0 Fighting
 - Level 2.7 Polearms
 - Level 1.7 Throwing
 - Level 2.6 Dodging
 + Level 4.0 Unarmed Combat


You had 3 spell levels left.
You didn't know any spells.

Dungeon Overview and Level Annotations

Branches:
Dungeon (3/15)

Altars:


Innate Abilities, Weirdness & Mutations

You have a pair of small horns on your head.


Message History

* * * LOW HITPOINT WARNING * * *
You closely miss the jackal. Your headbutt misses the jackal.
The jackal is heavily wounded.
The jackal bites you but does no damage.
The jackal barely misses you.
You closely miss the jackal. Your headbutt misses the jackal.
The jackal is heavily wounded.
The jackal bites you.
* * * LOW HITPOINT WARNING * * *
The jackal bites you but does no damage.
There is a stone staircase leading up here.
You barely miss the jackal.
The jackal is heavily wounded.
The jackal bites you.
* * * LOW HITPOINT WARNING * * *
The jackal closely misses you.
You barely miss the jackal.
The jackal is heavily wounded.
The jackal closely misses you. The jackal bites you.
You die...

.......#.....
..............
..........#..#
..............
.............#
.............#
.......$..#..#
........#†##.######
........#†#@.......
#..####$w.h....####
.......#)##...#
............#.#
....?..###..#.####
....%>.#
##).....##.#
.......#
##........#
.......# ###......#
.#.###. #........#


You could see a worm and a jackal.

Vanquished Creatures
  A crimson imp (D:3)
  An adder (D:2)
  2 oozes
  2 worms
  A dart slug (D:1)
  2 leopard geckos
  A ball python (D:1)
  6 goblins
  7 hobgoblins
  6 jackals
  8 kobolds
  A quokka (D:2)
  10 bats
  5 frilled lizards
  5 rats
58 creatures vanquished.

Notes
Turn   | Place    | Note
-------+----------+-------------------------------------------
     0 | D:1      | inmateoo the Demonspawn Gladiator began the quest for the Orb.
     0 | D:1      | Reached XP level 1. HP: 16/16 MP: 1/1
    64 | D:1      | Reached skill level 1 in Unarmed Combat
   102 | D:1      | Gained mutation: You have a pair of small horns on your head. [demonic ancestry]
   102 | D:1      | Reached XP level 2. HP: 20/22 MP: 2/2
   167 | D:1      | Reached skill level 2 in Unarmed Combat
   477 | D:1      | Reached XP level 3. HP: 27/27 MP: 3/3
   889 | D:2      | Reached skill level 3 in Unarmed Combat
  1377 | D:2      | Reached XP level 4. HP: 31/33 MP: 4/4
  1660 | D:3      | Reached skill level 4 in Unarmed Combat
  1712 | D:3      | Slain by a jackal

Skill      XL: |  1  2  3  4 |
---------------+-------------+-----
Unarmed Combat | 1 2 3 4 |  4.0
Fighting       | |  2.0
Polearms       | |  2.7
Throwing       | |  1.7
Dodging        | |  2.6

Action                   |  1- 3 |  4- 6 || total
-------------------------+-------+-------++-------
Melee: Trident           |   112 |    53 ||   165
       Headbutt          |    16 |     7 ||    23
       Punch             |       |     1 ||     1
  Eat: Chunk             |     1 |     1 ||     2
Armor: Leather armour    |     4 |       ||     4
       Ring mail         |    26 |    33 ||    59
Dodge: Dodged            |    38 |    47 ||    85
